 Dungeon Crawl Stone Soup version 0.19.1 (webtiles) character file.

62 mmcf the Insei (level 4, 0/32 HPs)
             Began as a Merfolk Transmuter on Dec 3, 2016.
             Slain by an adder (5 damage)
             ... on level 2 of the Dungeon.
             The game lasted 00:02:35 (2461 turns).

mmcf the Insei (Merfolk Transmuter)                 Turns: 2461, Time: 00:02:36

Health: 0/32       AC:  3    Str: 10    XL:     4   Next: 8%
Magic:  7/7        EV: 16    Int: 13    God:
Gold:   88         SH:  0    Dex: 14    Spells: 2 memorised, 4 levels left

rFire  . . .     SeeInvis .       - Unarmed
rCold  . . .     Gourm    .     b - +0 robe
rNeg   . . .     Faith    .     (no shield)
rPois  .         Spirit   .     m - +0 helmet
rElec  .         Reflect  .     (no cloak)
rCorr  .         Harm     .     (no gloves)
MR     .....                    (boots currently unavailable)
Stlth  ++........               (no amulet)
                                (no ring)
                                (no ring)

@: lethally poisoned (0 -> -9), very quick
A: change form in water, swift swim, stealthy swim
a: no special abilities


You were on level 2 of the Dungeon.
You were not hungry.

You visited 1 branch of the dungeon, and saw 3 of its levels.

You collected 88 gold pieces.

Inventory:

Missiles
 a - 25 arrows
 i - 62 stones (quivered)
Armour
 b - a +0 robe (worn)
 m - a +0 helmet (worn)
Scrolls
 e - a scroll of magic mapping {unknown}
 f - a scroll of amnesia {unknown}
 h - a scroll of random uselessness {unknown}
 j - a scroll of enchant armour {unknown}
 k - 2 scrolls of identify {unknown}
 l - a scroll of remove curse {unknown}
 o - a scroll of enchant weapon {unknown}
Potions
 g - a potion of might {unknown}
 p - a potion of degeneration {unknown}
 q - a potion of heal wounds {unknown}
Books
 c - a book of Changes

   Spells                             Type                      Level
   a - Beastly Appendage              Transmutation                1
   b - Sticks to Snakes               Transmutation                2
   c - Spider Form                    Transmutation/Poison         3
   d - Ice Form                       Ice/Transmutation            4
   e - Blade Hands                    Transmutation                5
Comestibles
 d - 2 bread rations
 n - a meat ration


   Skills:
 - Level 1.1 Fighting
 - Level 2.6 Dodging
 + Level 5.3 Unarmed Combat
 - Level 2.0 Spellcasting
 - Level 2.6 Transmutations


You had 4 spell levels left.
You knew the following spells:

 Your Spells              Type           Power        Failure   Level  Hunger
a - Beastly Appendage     Tmut           #.....       10%         1    ##.....
b - Sticks to Snakes      Tmut           #.......     14%         2    ###....


Dungeon Overview and Level Annotations

Branches:
Dungeon (3/15)

Altars:
Dithmenos


Message History

The adder is severely wounded.
The adder closely misses you.
You barely miss the adder.
The adder is severely wounded.
You feel sick. The adder bites you.
* * * LOW HITPOINT WARNING * * *
You are more poisoned.
The adder poisons you! The adder misses you.
You hit the adder but do no damage.
The adder is severely wounded.
* * * LOW HITPOINT WARNING * * *
You feel sick. The adder barely misses you.
You hit the adder. You punch the adder, but do no damage.
The adder is almost dead.
The adder misses you.
You hit the adder but do no damage.
The adder is almost dead.
* * * LOW HITPOINT WARNING * * *
You feel sick. The adder bites you.
You die...

...................#.#.........#
#.#............###.............#
#..≈≈........# #.#.#.####.#..#
#.≈..≈.......###.#.#.### .#...
#≈≈≈..≈..≈≈...≈##.#.#.♣.♣#.#.#
#≈≈≈..≈..≈..≈..≈≈#............#
#≈≈...≈.⌠≈..≈..≈≈#...♣.♣.♣.♣..#
#≈≈..≈..≈⌠.≈...≈≈###..........#
#≈≈..≈..≈..≈..≈S@# ##♣.♣.♣.♣#.#
##≈...≈≈..≈..≈≈≈## #.........#
##.......≈..≈.## #.#♣.♣..###
......≈≈..# #.#.....##
.........# #.♣.♣....# .........
#.♣.♣###.#### ..##### #.♣.
#..... #.♣.♣###.###. #.♣
♣....###.


You could see an adder.

Vanquished Creatures
  An adder (D:2)
  2 oozes
  2 worms (D:2)
  A dart slug (D:1)
  3 leopard geckos
  4 giant cockroaches
  3 goblins
  A hobgoblin (D:1)
  2 jackals (D:2)
  6 kobolds (D:1)
  2 bats
  4 frilled lizards
  5 rats
36 creatures vanquished.

Notes
Turn   | Place    | Note
-------+----------+-------------------------------------------
     0 | D:1      | mmcf the Merfolk Transmuter began the quest for the Orb.
     0 | D:1      | Reached XP level 1. HP: 15/15 MP: 3/3
   516 | D:1      | Reached XP level 2. HP: 20/21 MP: 5/5
   520 | D:1      | Learned a level 2 spell: Sticks to Snakes
   538 | D:1      | Reached skill level 4 in Unarmed Combat
  1306 | D:1      | Reached XP level 3. HP: 23/26 MP: 6/6
  2092 | D:2      | Reached skill level 5 in Unarmed Combat
  2396 | D:2      | Found a shadowy altar of Dithmenos.
  2427 | D:2      | Reached XP level 4. HP: 32/32 MP: 7/7
  2461 | D:2      | Slain by an adder

Skill      XL: |  1  2  3 |
---------------+----------+-----
Unarmed Combat | 4 5 |  5.3
Fighting       | |  1.1
Dodging        | |  2.6
Spellcasting   | |  2.0
Transmutations | |  2.6

Action                   |  1- 3 |  4- 6 || total
-------------------------+-------+-------++-------
Melee: Unarmed           |   126 |    20 ||   146
       Headbutt          |     5 |       ||     5
       Punch             |       |     1 ||     1
 Cast: Beastly Appendage |     3 |       ||     3
       Sticks to Snakes  |     2 |       ||     2
  Eat: Chunk             |     5 |       ||     5
Armor: Robe              |    12 |     2 ||    14
Dodge: Dodged            |    76 |    15 ||    91
